 Dungeon Crawl Stone Soup version 0.29.1-15-g9cfb28693d (webtiles) character file.

Game seed: 14269945353961912052

29 hawla the Chiller (level 3, -2/26 HPs)
             Began as a Meteoran Ice Elementalist on Apr 23, 2023.
             Slain by an orc
             ... wielding a +0 trident
              (4 damage)
             ... on level 3 of the Dungeon.
             The game lasted 00:02:49 (516 turns).

hawla the Chiller (Meteoran Ice Elementalist)        Turns: 516, Time: 00:02:50

Health: -2/26      AC:  2    Str:  9    XL:     3   Next: 52%
Magic:  4/8        EV: 12    Int: 19    God:
Gold:   58         SH:  0    Dex: 14    Spells: 4/8 levels left

rFire   . . .      SeeInvis .   (no weapon)
rCold   . . .      Faith    .   (no shield)
rNeg    . . .      Spirit   .   a - +0 robe
rPois   .          Reflect  .   (no helmet)
rElec   .          Harm     .   (no cloak)
rCorr   .          Rampage  .   (no gloves)
Will    .....                   (no boots)
Stlth   +.........              (no amulet)
HPRegen 0.88/turn               (no ring)
MPRegen 0.11/turn               (no ring)

@: brilliant, very slightly contaminated, glowing
A: sense surroundings 1, otherworldly, glowing, explore regen, regeneration 1
a: no special abilities


You were on level 3 of the Dungeon.
You visited 1 branch of the dungeon, and saw 3 of its levels.

You collected 58 gold pieces.

Inventory:

Armour
 a - a +0 robe (worn)
Jewellery
 g - an amulet of faith
Scrolls
 j - a scroll of enchant weapon {unknown}
Potions
 b - a potion of resistance {unknown}
 c - a potion of flight {unknown}
 d - a potion of mutation
 e - a potion of brilliance
 f - a potion of lignification {unknown}
 h - a potion of attraction {unknown}
 i - a potion of haste {unknown}
 k - a potion of curing {unknown}


   Skills:
 + Level 2.5 Dodging
 - Level 1.4 Stealth
 + Level 3.0 Spellcasting
 + Level 5.3 Ice Magic


You had 4 spell levels left.
You knew the following spells:

 Your Spells              Type           Power      Damage    Failure   Level
a - Freeze                Ice            100%       1d11      1%          1
b - Frozen Ramparts       Ice            68%        1d11      5%          3

Your spell library contained the following spells:

 Spells                   Type           Power      Damage    Failure   Level
 Ozocubu's Armour         Ice            34%        N/A       5%          3
 Hailstorm                Conj/Ice       19%        3d6       45%         4


Dungeon Overview and Level Annotations

Branches:
Dungeon (3/15) Zot: 1283

Altars:

Annotations:
D:3 Natasha


Innate Abilities, Weirdness & Mutations

You passively map a small area around you.
You are easily found by Zot.
You glow in the dark.
You regain HP and MP as you explore.
Your natural rate of healing is unusually fast.


Message History

Aiming: Freeze (safe; 1% risk of failure)
Press: ? - help, Shift-Dir - straight line, f - orc
Aim: an orc, wielding a +0 hand axe (moderately wounded)
You freeze the orc.
You kill the orc!
k - a viscous yellow potion An orc and an orc priest come into view.
You see here a +0 hand axe.
An orc comes into view. It is wielding a +0 trident.
The orc shouts! x2; The orc priest shouts!
You hear an angry hiss.
The orc closely misses you.
The orc priest looks satisfied for a moment.
You hit the orc but do no damage.
Natasha, Servant of Life and Death comes into view.
The orc closely misses you.
The orc priest calls down the wrath of Beogh upon you.
Beogh smites you!
Casting: Freeze (safe; 1% risk of failure)
Confirm with . or Enter, or press ? or * to list all spells.
The spell is quite dangerous to miscast (5% risk of failure)!
Continue anyway?
Casting: Frozen Ramparts (quite dangerous; 5% risk of failure)
Press: ? - help, Dir - look around, f - activate You miscast Frozen Ramparts.
You are very lightly contaminated with residual magic.
Nothing appears to happen.
The orc hits you with a +0 trident. Natasha casts a spell at you.
The magic dart hits you.
* * * LOW HITPOINT WARNING * * *
Unknown command.
It was a potion of mutation.
You feel extremely strange. A pair of horns grows on your head!
The horns on your head shrink away.
You begin to heal more quickly.
The orc hits you with a +0 trident.
* * * LOW HITPOINT WARNING * * *
The orc priest hits you with a +0 whip.
* * * LOW HITPOINT WARNING * * *
It was a potion of brilliance.
You feel clever all of a sudden. The orc hits you with a +0 trident.
You die...

*
.######........#
..# , ,..
#####....#..###
, (# ##.........
* # *
######.†....####
........###..#*
* , #######.#
.... , #.###
*... * #.).# ..
###@# ., **
#..ooh...#
.....##o###.#
#### #.. * ,
###, * ,*


You could see an orc priest, Natasha and 2 orcs.

Vanquished Creatures
  4 orcs
  2 ball pythons (D:2)
  A bat (D:2)
  2 endoplasms
  2 goblins
  3 jackals (D:2)
  A quokka (D:2)
  3 frilled lizards
  6 rats
24 creatures vanquished.

Notes
Turn   | Place    | Note
-------+----------+-------------------------------------------
     0 | D:1      | hawla the Meteoran Ice Elementalist began the quest for the
                  | Orb.
     0 | D:1      | Reached XP level 1. HP: 14/14 MP: 5/5
   228 | D:2      | Reached XP level 2. HP: 17/20 MP: 3/6
   296 | D:2      | Reached skill level 5 in Ice Magic
   416 | D:3      | Reached XP level 3. HP: 26/26 MP: 6/8
   430 | D:3      | Learned a level 3 spell: Frozen Ramparts
   513 | D:3      | Noticed Natasha
   515 | D:3      | Gained mutation: You have a pair of small horns on your
                  | head. [potion of mutation]
   515 | D:3      | Lost mutation: You have a pair of small horns on your head.
                  | [potion of mutation]
   515 | D:3      | Gained mutation: Your natural rate of healing is unusually
                  | fast. [potion of mutation]
   515 | D:3      | HP: 1/26 [orc priest/+0 whip (3)]
   516 | D:3      | Slain by an orc

Illustrated notes

Levels and vault maps discovered:
D:1:      wheals_arrival_shading, layout_basic
D:2:      layout_basic
D:3:      layout_rooms, chequers_decorated_corner, uniq_natasha, uniq_terence

Skill      XL: |  1  2  3 |
---------------+----------+-----
Ice Magic      | 5 |  5.3
Spellcasting   | 3 |  3.0
Dodging        | |  2.5
Stealth        | |  1.4

Action                   || total
-------------------------++-------
Melee: Unarmed           ||     4
 Cast: Freeze            ||    29
       Frozen Ramparts   ||     2
  Use: Potion            ||     3
Armor: Robe              ||     2
Dodge: Dodged            ||    21
